 Dungeon Crawl Stone Soup version 0.30.1-3-gfc49f6343a (webtiles) character file.

Game seed: 16183882153141520259

33 KyoPewz the Cudgeller (level 3, -1/36 HPs)
             Began as an Ogre Gladiator on Aug 2, 2023.
             Slain by a gnoll
             ... wielding a +0 flail
              (4 damage)
             ... on level 1 of the Dungeon.
             The game lasted 00:01:30 (1008 turns).

KyoPewz the Cudgeller (Ogre Gladiator)              Turns: 1008, Time: 00:01:30

Health: -1/36      AC:  3    Str: 20    XL:     3   Next: 29%
Magic:  3/3        EV: 10    Int:  9    God:
Gold:   102        SH:  0    Dex: 10    Spells: 2/2 levels left

rFire   . . .        a - +0 flail
rCold   . . .        (no shield)
rNeg    . . .        b - +0 robe
rPois   .            c - +0 hat
rElec   .            (no cloak)
rCorr   .            (gloves unavailable)
SInv    .            (boots unavailable)
Will    .....        (no amulet)
Stlth   +            (no ring)
HPRegen 0.26/turn    (no ring)
MPRegen 0.08/turn

%: no passive effects
@: no status effects
A: large, unfitting armour, tough skin 1
a: no special abilities


You were on level 1 of the Dungeon.
You visited 1 branch of the dungeon, and saw 2 of its levels.

You collected 102 gold pieces.

Inventory:

Hand Weapons
 a - a +0 flail (weapon)
Missiles
 d - 3 throwing nets (quivered)
 e - a large rock
 g - 21 stones
Armour
 b - a +0 robe (worn)
 c - a +0 hat (worn)
Scrolls
 h - a scroll of identify {unknown}
 i - 2 scrolls of noise {unknown}
Potions
 f - a potion of mutation {unknown}
 j - a potion of flight {unknown}


   Skills:
 - Level 2.6 Fighting
 + Level 3.9 Maces & Flails
 - Level 2.0 Throwing
 - Level 2.6 Dodging


You had 2 spell levels left.
You didn't know any spells.
Your spell library was empty.

Dungeon Overview and Level Annotations

Branches:
Dungeon (2/15)

Altars:


Innate Abilities, Weirdness & Mutations

You are too large for most types of armour.
You have tough skin. (AC +1)


Message History

The gnoll attacks as you move away! The gnoll hits you with a +0 whip.
You take 4 damage, and have 32/36 hp.
There is a stone staircase leading up here.
The gnoll hits you with a +0 flail! The gnoll closely misses you.
You climb upwards.
There is a stone staircase leading down here.
You take 8 damage, and have 24/36 hp.
MASSIVE DAMAGE!!
You hit the gnoll.
You kill the gnoll!
The gnoll closely misses you.
You hit the gnoll.
The gnoll is moderately wounded.
The gnoll barely misses you.
You hit the gnoll but do no damage.
The gnoll is moderately wounded.
The gnoll hits you with a +0 flail. x2
You take 9 damage, and have 16/36 hp.
MASSIVE DAMAGE!!
You are too injured to fight recklessly!
You are too injured to fight recklessly!
You are too injured to fight recklessly!
You hit the gnoll but do no damage.
The gnoll is moderately wounded.
The gnoll hits you with a +0 flail!
* * * LOW HITPOINT WARNING * * *
You take 13 damage, and have 3/36 hp.
MASSIVE DAMAGE!!
You barely miss the gnoll.
The gnoll is moderately wounded.
The gnoll hits you with a +0 flail.
* * * LOW HITPOINT WARNING * * *
You take 1 damage, and have 2/36 hp.
You hit the gnoll but do no damage.
The gnoll is moderately wounded.
The gnoll barely misses you.
You hit the gnoll but do no damage.
The gnoll is moderately wounded.
The gnoll closely misses you.
You hit the gnoll.
The gnoll is heavily wounded.
The gnoll hits you with a +0 flail.
You die...

.###########...####.........####.
........^.........'.........'....
...#########...####.........####.
.#.# ##..#####.......## ## .#.#
##.##.........## # .#.#
#.##.####...## ...# #.##.# ##..#
#..# ###.##.#####..# #..#
#...g@)...##..# #..#
#..###........# ...#
##..######.#...##### #### ♣♣....♣
#.........# ♣.....♣ #.#...###.#
♣....♣♣ #.......#.#### ♣♣....♣
###..##....... ♣♣.....♣
####..####.#### ♣.....♣♣
#..........#


You could see a gnoll.

Vanquished Creatures
  A gnoll (D:1)
  3 bats (D:1)
  An endoplasm (D:1)
  A giant cockroach (D:1)
  2 hobgoblins (D:1)
  4 kobolds (D:1)
  A quokka (D:1)
  2 ball pythons (D:1)
  2 frilled lizards (D:1)
  A goblin (D:1)
  5 rats (D:1)
23 creatures vanquished.

Notes
Turn   | Place    | Note
-------+----------+-------------------------------------------
     0 | D:1      | KyoPewz the Ogre Gladiator began the quest for the Orb.
     0 | D:1      | Reached XP level 1. HP: 22/22 MP: 1/1
   152 | D:1      | Reached skill level 3 in Maces & Flails
   221 | D:1      | Reached XP level 2. HP: 28/29 MP: 2/2
   939 | D:1      | Reached XP level 3. HP: 36/36 MP: 3/3
  1008 | D:1      | Slain by a gnoll

Illustrated notes

Levels and vault maps discovered:
D:1:      roderic_dead_forest, layout_loops_corners, minmay_ruptured
D:2:      layout_loops_cross

Skill      XL: |  1 |
---------------+----+-----
Maces & Flails | 3 |  3.9
Fighting       | |  2.6
Throwing       | |  2.0
Dodging        | |  2.6

Action                     || total
---------------------------++-------
  Melee: Flail             ||    67
   Stab: Sleeping          ||     2
 Armour: Robe              ||    29
  Dodge: Dodged            ||    44
